 Dungeon Crawl Stone Soup version 0.29.1-15-g9cfb28693d (webtiles) character file.

Game seed: 9076066372850111438

421 12sPaWn12 the Caller (level 6, 0/45 HPs)
             Began as a Draconian Summoner on Mar 21, 2023.
             Killed by an exploding themself (40 damage)
             ... ignited by their inner flame
             ... on level 4 of the Dungeon.
             The game lasted 00:15:55 (5956 turns).

12sPaWn12 the Caller (Draconian Summoner)           Turns: 5956, Time: 00:15:59

Health: 0/45       AC:  8    Str: 10    XL:     6   Next: 62%
Magic:  11/12      EV: 12    Int: 18    God:
Gold:   221        SH:  0    Dex: 11    Spells: 5/14 levels left

rFire   . . .      SeeInvis .   i - +0 spear
rCold   . . .      Faith    .   (no shield)
rNeg    . . .      Spirit   .   (body armour unavailable)
rPois   .          Reflect  .   (helmet restricted)
rElec   .          Harm     .   d - +0 cloak
rCorr   .          Rampage  .   (no gloves)
Will    .....                   r - +0 pair of boots
Stlth   ++........              (no amulet)
HPRegen 0.15/turn               (no ring)
MPRegen 0.13/turn               (no ring)

@: no status effects
A: AC +6, unfitting armour, cold-blooded
a: no special abilities


You were on level 4 of the Dungeon.
You visited 1 branch of the dungeon, and saw 4 of its levels.

You collected 221 gold pieces.

Inventory:

Hand Weapons
 i - a +0 spear (weapon)
Armour
 d - a +0 cloak (worn)
 r - a +0 pair of boots (worn)
Scrolls
 b - a scroll of noise {unknown}
 c - 3 scrolls of identify {unknown}
 f - 3 scrolls of teleportation {unknown}
 h - 2 scrolls of fear {unknown}
 j - 2 scrolls of butterflies {unknown}
 l - a scroll of enchant armour {unknown}
 m - 2 scrolls of poison {unknown}
 o - a scroll of silence {unknown}
 p - a scroll of blinking {unknown}
Potions
 a - a potion of mutation {unknown}
 e - a potion of haste {unknown}
 g - a potion of lignification {unknown}
 k - a potion of cancellation {unknown}
 n - 2 potions of curing
 q - a potion of resistance {unknown}
 s - a potion of berserk rage {unknown}


   Skills:
 + Level 1.9 Dodging
 + Level 2.2 Stealth
 - Level 0.1 Unarmed Combat
 * Level 4.5 Spellcasting
 * Level 6.3 Summonings


You had 5 spell levels left.
You knew the following spells:

 Your Spells              Type           Power      Damage    Failure   Level
a - Summon Small Mammal   Summ           100%       N/A       1%          1
b - Call Imp              Summ           26%        N/A       1%          2
c - Call Canine Familiar  Summ           26%        N/A       3%          3
d - Summon Guardian Gole  Hex/Summ       15%        N/A       12%         3

Your spell library contained the following spells:

 Spells                   Type           Power      Damage    Failure   Level
 Slow                     Hex            16%        N/A       14%         1
 Summon Lightning Spire   Summ/Air       15%        N/A       36%         4
 Confusing Touch          Hex            4%         N/A       38%         3
 Vampiric Draining        Necr           4%         2d6       38%         3


Dungeon Overview and Level Annotations

Branches:
Dungeon (4/15)
 Temple: D:4-7

Altars:
Fedhas
Hepliaklqana
Makhleb
The Shining One

Shops:
D:3 [


Innate Abilities, Weirdness & Mutations

Your plain brown scales are hard. (AC +6)
You cannot fit into any form of body armour.
You are cold-blooded and may be slowed by cold attacks.


Message History

Your guardian golem overheats!
Something hits your guardian golem. Flame seeps out of your guardian golem.
The orc wizard hits your guardian golem but does no damage.
Your guardian golem is engulfed in blazing flames.
Flame seeps out of your guardian golem.
The orc wizard points at you and mumbles some strange words.
The puff of flame hits your guardian golem.
Your guardian golem resists.
Flame seeps out of your guardian golem.
Your guardian golem is engulfed in blazing flames.
Flame seeps out of your guardian golem.
The orc wizard hits your guardian golem with a +0 dagger.
Flame seeps out of your guardian golem.
Something barely misses your guardian golem.
The orc wizard mumbles some strange words.
The orc wizard flickers and vanishes!
Something hits your guardian golem but does no damage.
Your quokka disappears in a puff of smoke!
Something hits your guardian golem but does no damage.
A magic dart appears from out of thin air!
The magic dart hits something.
Your hound misses something.
Your hound bites something.
Your hound bites something.
Something barely misses your hound.
Your hound bites something.
Your hound bites something.
Something hits your guardian golem but does no damage.
Your hound closely misses something.
Something hits your guardian golem but does no damage.
A puff of flame appears from out of thin air!
The puff of flame hits your guardian golem.
Your guardian golem resists.
Flame seeps out of your guardian golem.
Your hound barely misses something.
Your hound closely misses something.
Your guardian golem is engulfed in blazing flames.
Your guardian golem disappears in a puff of smoke!
Your guardian golem explodes!
The fiery explosion engulfs you!!!
Ouch! That really hurt!
You die...

... .. #.# .o #.# o# #.#
### .### #.# #.. ...
###.#### #.##.##.# #####
#......# #.h)....# ....#
#.#.##.###§.###....#
###.#####.#.....@○§.# ...
# .##.##....#....##§§.# #
#
.......#######...........
#
#.#.##....#....##.###.###
####
#.#.......#.......###...
#...
.....#.#..#.##.#####...##
#.#. #.##.#.#....##.#
#...# #...
#....).#.......# #...###
###.#. ......## ##..#
#...... ..#.#.


You could see a friendly hound (summoned, sheltered).

Vanquished Creatures
  2 adders
  2 endoplasms (D:2)
  2 goblins (D:1)
  2 hobgoblins
  A kobold (D:4)
  A rat (D:2)
10 creatures vanquished.

Vanquished Creatures (collateral kills)
  An ice beast (D:3)
  A scorpion (D:4)
  Natasha (thrice) (D:3)
  Robin (D:3)
  A gnoll (D:4)
  2 adders
  An ufetubus (D:4)
  A worm (D:2)
  6 orcs
  2 ball pythons
  9 endoplasms
  6 giant cockroaches
  14 goblins
  6 hobgoblins
  2 jackals (D:2)
  3 quokkas
  3 bats (D:1)
  6 frilled lizards
  6 kobolds
  3 rats (D:1)
77 creatures vanquished.

Vanquished Creatures (others)
  3 gnolls (D:4)
  2 orcs (D:4)
  A ball python (D:4)
6 creatures vanquished.

Grand Total: 93 creatures vanquished

Notes
Turn   | Place    | Note
-------+----------+-------------------------------------------
     0 | D:1      | 12sPaWn12 the Draconian Summoner began the quest for the
                  | Orb.
     0 | D:1      | Reached XP level 1. HP: 14/14 MP: 3/3
   418 | D:1      | Reached XP level 2. HP: 20/20 MP: 1/5
   996 | D:1      | Learned a level 2 spell: Call Imp
  1000 | D:1      | Reached XP level 3. HP: 26/26 MP: 3/6
  1592 | D:2      | Reached skill level 5 in Summonings
  2252 | D:3      | Reached XP level 4. HP: 33/33 MP: 6/8
  2333 | D:3      | Found a glowing golden altar of the Shining One.
  2517 | D:3      | Found a blossoming altar of Fedhas.
  2663 | D:3      | Noticed Robin
  2796 | D:3      | Found Mudwupp's Armour Boutique.
  2797 | D:3      | Found a hazy altar of Hepliaklqana.
  2811 | D:3      | Killed Robin
  2871 | D:3      | Found a faded altar of an unknown god.
  2941 | D:3      | Noticed an ice beast
  2951 | D:3      | Learned a level 3 spell: Call Canine Familiar
  2986 | D:3      | Killed an ice beast
  2987 | D:3      | Reached XP level 5. HP: 38/38 MP: 2/10
  3057 | D:3      | Noticed Natasha
  3063 | D:3      | Killed Natasha
  3064 | D:3      | Reached skill level 6 in Summonings
  3182 | D:3      | Found a burning altar of Makhleb.
  3315 | D:3      | Noticed Natasha
  3330 | D:3      | Killed Natasha
  3645 | D:3      | Found a faded altar of an unknown god.
  3649 | D:3      | Found Mudwupp's Armour Boutique.
  3719 | D:3      | Noticed Natasha
  3728 | D:3      | Killed Natasha
  3729 | D:3      | Reached XP level 6. HP: 45/45 MP: 4/11
  3906 | D:3      | Found a blossoming altar of Fedhas.
  3998 | D:3      | Found a hazy altar of Hepliaklqana.
  4046 | D:3      | Found a burning altar of Makhleb.
  4382 | D:3      | Found a glowing golden altar of the Shining One.
  4581 | D:3      | Found Mudwupp's Armour Boutique.
  4581 | D:3      | Found a faded altar of an unknown god.
  4693 | D:3      | Found a burning altar of Makhleb.
  4708 | D:3      | Found a blossoming altar of Fedhas.
  4731 | D:3      | Found a hazy altar of Hepliaklqana.
  4910 | D:3      | Found a glowing golden altar of the Shining One.
  5188 | D:4      | Learned a level 3 spell: Summon Guardian Golem
  5956 | D:4      | Killed by an exploding themself... ignited by their inner
                  | flame

Illustrated notes

Levels and vault maps discovered:
D:1:      minmay_arrival_cross, layout_loops_ring
D:2:      layout_basic, minmay_curled_crystal, st_stairs_9,
          small_statue_intersection
D:3:      layout_basic, tso_altar, lemuel_doored_altar,
          mainiacjoe_overflow_swirl, serial_shops, shop,
          shapermc_ecumenical_altar_totnotflames, uniq_robin, uniq_natasha
D:4:      layout_loops_cross, hangedman_minor_gate_pass

Skill      XL: |  1  2  3  4  5  6 |
---------------+-------------------+-----
Summonings     | 5 6 |  6.3
Stealth        | 2 |  2.2
Spellcasting   | 3 4 |  4.5
Dodging        | |  1.9
Unarmed Combat | |  0.1

Action                   |  1- 3 |  4- 6 || total
-------------------------+-------+-------++-------
Melee: Unarmed           |    62 |    13 ||    75
       Tailslap          |     6 |     1 ||     7
       Punch             |     1 |       ||     1
       Spear             |       |     8 ||     8
 Cast: Summon Small Mamm |    74 |    40 ||   114
       Call Imp          |     1 |    14 ||    15
       Call Canine Famil |       |    15 ||    15
       Summon Guardian G |       |     6 ||     6
  Use: Potion            |       |     1 ||     1
 Stab: Distracted        |     1 |       ||     1
       Sleeping          |     1 |       ||     1
Armor: Skin              |    19 |    15 ||    34
Dodge: Dodged            |    45 |    19 ||    64
